 Seeded DCSS version 0.29-a0-100-g60f898f876 (webtiles) character file.

Game seed: 6000200499986173706 (custom seed)

39 innerfire433 the Skirmisher (level 3, 0/29 HPs)
             Began as a Demonspawn Monk on Feb 14, 2022.
             Slain by an orc (2 damage)
             ... on level 2 of the Dungeon.
             The game lasted 00:01:55 (1804 turns).

innerfire433 the Skirmisher (Demonspawn Monk)       Turns: 1804, Time: 00:01:55

Health: 0/29       AC:  2    Str: 13    XL:     3   Next: 26%
Magic:  3/3        EV: 13    Int: 11    God:
Gold:   72         SH:  4    Dex: 15    Spells: 2/2 levels left

rFire   . . .      SeeInvis .   a - +0 mace
rCold   . . .      Faith    .   (no shield)
rNeg    . . .      Spirit   .   b - +0 robe
rPois   .          Reflect  .   (no helmet)
rElec   .          Harm     .   (no cloak)
rCorr   .          Rampage  .   (no gloves)
Will    .....                   (no boots)
Stlth   ++........              (no amulet)
HPRegen 0.09/turn               (no ring)
MPRegen 0.08/turn               (no ring)

@: no status effects
A: large bone plates 1
a: no special abilities


You were on level 2 of the Dungeon.
You visited 1 branch of the dungeon, and saw 2 of its levels.

You collected 72 gold pieces.

Inventory:

Hand Weapons
 a - a +0 mace (weapon)
 f - a +3 hunting sling
Armour
 b - a +0 robe (worn)
 d - a +0 ring mail
Scrolls
 c - 3 scrolls of identify {unknown}
 e - a scroll of blinking {unknown}
 g - a scroll of brand weapon {unknown}
 h - 2 scrolls of fog {unknown}
 i - 5 scrolls of noise {unknown}


   Skills:
 + Level 3.3 Fighting
 + Level 3.1 Maces & Flails
 + Level 3.0 Dodging
 + Level 2.3 Stealth


You had 2 spell levels left.
You didn't know any spells.
Your spell library contained the following spells:

 Spells                   Type           Power      Damage    Failure   Level
 Call Canine Familiar     Summ           0%         N/A       71%         3
 Portal Projectile        Hex/Tloc       0%         N/A       71%         3
 Leda's Liquefaction      Hex/Erth       0%         N/A       98%         4


Dungeon Overview and Level Annotations

Branches:
Dungeon (2/15)

Altars:

Shops:
D:2 ?


Innate Abilities, Weirdness & Mutations

You are partially covered in large bone plates. (SH +4)


Message History

You barely miss the kobold.
The orc priest shouts!
You punch the kobold.
The kobold is moderately wounded.
The kobold misses you. The kobold hits you but does no damage.
You hit the kobold.
You kill the kobold!
You hit the orc but do no damage. The orc barely misses you.
You hit the orc but do no damage.
An adder comes into view.
You closely miss the orc. The orc barely misses you.
The orc completely misses you.
The adder hisses angrily.
You hit the orc.
The orc is lightly wounded.
You block the orc's attack. x2; The orc closely misses you.
You closely miss the orc.
The orc is lightly wounded.
You block the orc's attack. The orc misses you.
You hit the orc but do no damage.
The orc is lightly wounded.
The orc hits you with a +0 hand axe. The orc hits you with a +0 club.
You closely miss the orc. Your punch misses the orc.
The orc is lightly wounded.
The orc hits you with a +0 hand axe. The orc barely misses you.
You hit the orc but do no damage.
The orc is lightly wounded.
The orc misses you. The orc hits you with a +0 club.
The orc hits you with a +0 hand axe.
You hit the orc but do no damage.
The orc is lightly wounded.
You hit the orc.
The orc is lightly wounded.
The orc priest invokes the aid of Beogh against you.
Beogh smites you!
* * * LOW HITPOINT WARNING * * *
The orc hits you with a +0 hand axe.
* * * LOW HITPOINT WARNING * * *
The orc hits you with a +0 club.
You die... ..# ...#.##.# #.#####...#.#..## #................ ######.##.#....#.. #######.......# ..... .##....#......# So.

.##...###..#..###o# .##..##
##.#....@o# . ....## ##.#.##### .
.###.## ##....# #...# ##. ##
#..###..##.# #...# #.#
####.#.#......# #...# #.#
.....##.##.#### #...#######.##
...........#########........##...
.....#.###.##).................#.
...............................#.


You could see an orc priest, an adder and 2 orcs.

Vanquished Creatures
  2 adders (D:2)
  4 endoplasms (D:1)
  A goblin (D:2)
  2 hobgoblins
  3 quokkas
  A ball python (D:1)
  3 bats
  A frilled lizard (D:1)
  A kobold (D:2)
  3 rats
21 creatures vanquished.

Notes
Turn   | Place    | Note
-------+----------+-------------------------------------------
     0 | D:1      | innerfire433 the Demonspawn Monk began the quest for the
                  | Orb.
     0 | D:1      | Reached XP level 1. HP: 18/18 MP: 1/1
   483 | D:1      | Gained mutation: You are partially covered in large bone
                  | plates. (SH +4) [demonic ancestry]
   483 | D:1      | Reached XP level 2. HP: 5/24 MP: 2/2
  1394 | D:2      | Reached XP level 3. HP: 24/29 MP: 3/3
  1477 | D:2      | Found Fiuro's Magic Scroll Boutique.
  1804 | D:2      | Slain by an orc

Illustrated notes

Levels and vault maps discovered:
D:1:      scummos_arrival_gate, layout_loops_ring, minmay_misc_feat_tower
D:2:      layout_loops_cross, serial_shops, shop_scrolls, serial_park_tiny_1,
          minmay_misc_feat_ornament

Skill      XL: |  1  2 |
---------------+-------+-----
Stealth        | 2 |  2.3
Maces & Flails | 3 |  3.1
Dodging        | 3 |  3.0
Fighting       | |  3.3

Action                   || total
-------------------------++-------
Melee: Mace              ||    85
       Punch             ||     4
 Stab: Sleeping          ||     5
Armor: Robe              ||    13
Dodge: Dodged            ||    45
Block: Other             ||    16

Table legend: (Time is in decaauts)
 A = Elapsed time spent in this place.
 B = Non-inter-level travel time spent in this place.
 C = Inter-level travel time spent in this place.
 D = Time resting spent in this place.
 E = Time spent auto-exploring this place.
 F = Levels seen in this place.
 G = Mean time per level.
                   A        B        C        D        E       F      G
               +--------+--------+--------+--------+--------+-----+--------+
         Total |   1824 |   1824 |      0 |      0 |   1560 |   2 |  912.0 |
       Dungeon |   1824 |   1824 |      0 |      0 |   1560 |   2 |  912.0 |
               +--------+--------+--------+--------+--------+-----+--------+

Top non-repeatable levels by time:
     D:1: 1165 daAuts
     D:2: 659 daAuts
